 Dungeon Sprint DCSS version 0.27-a0-1202-ge72e49191c (webtiles) character file.

Game seed: 4831020041298818085

6150 mhtbhm the Swashbuckler (level 11, -8/77 HPs)
             Began as a Kobold Fighter on June 4, 2021.
             Was a High Priest of Okawaru.
             Killed from afar by a steam dragon (18 damage)
             ... with a ball of steam
             ... in the Dungeon (Sprint VII: "The Pits").
             The game lasted 00:04:23 (3577 turns).

mhtbhm the Swashbuckler (Kobold Fighter)            Turns: 3577, Time: 00:04:23

Health: -8/77      AC: 19    Str: 16    XL:     11   Next: 13%
Magic:  13/13      EV: 13    Int: 10    God:    Okawaru [*****.]
Gold:   0          SH:  7    Dex: 15    Spells: 10/10 levels left

rFire    . . .     SeeInvis .   a - +2 rapier (venom)
rCold    . . .     Faith    .   c - +0 buckler
rNeg     . . .     Spirit   .   b - +4 chain mail
rPois    .         Reflect  .   (no helmet)
rElec    .         Harm     .   u - +0 cloak
rCorr    .         Rampage  .   (no gloves)
Will     .....     NoTele   +   t - +0 pair of boots
Stlth    +.........             (no amulet)
HPRegen  0.22/turn              (no ring)
MPRegen  0.13/turn              (no ring)

@: no status effects
A: small, no large weapons, nightstalker 3
a: Renounce Religion, Heroism, Finesse


You were in the Dungeon.
You worshipped Okawaru.
Okawaru was extremely pleased with you.
You visited 1 branch

Inventory:

Hand Weapons
 a - a +2 rapier of venom (weapon)
Missiles
 n - 6 poisoned darts (quivered)
 o - 2 curare-tipped darts
Armour
 b - a +4 chain mail (worn)
 c - a +0 buckler (worn)
 t - a +0 pair of boots (worn)
 u - a +0 cloak (worn)
Jewellery
 p - a +3 ring of strength
 q - a +3 ring of intelligence
Scrolls
 j - a scroll of blinking
 l - 5 scrolls of amnesia
Potions
 d - 2 potions of might
 e - 4 potions of curing
 f - 4 potions of heal wounds
 g - a potion of haste
 h - 4 potions of magic
 i - 2 potions of berserk rage
 k - 2 potions of invisibility
 r - a potion of resistance
 s - a potion of mutation


   Skills:
 + Level 12.8 Fighting
 + Level 15.5 Short Blades
 + Level 2.4 Throwing
 + Level 11.6 Armour
 + Level 8.7 Dodging
 + Level 4.1 Stealth
 + Level 9.3 Shields
 + Level 3.4 Invocations


You had 10 spell levels left.
You didn't know any spells.
Your spell library was empty.

Dungeon Overview and Level Annotations

Branches:
Dungeon (1/1)

Altars:
Ashenzari
Cheibriados
Dithmenos
Elyvilon
Fedhas
Gozag
Hepliaklqana
Kikubaaqudgha
Makhleb
Nemelex Xobeh
Okawaru
Qazlal
Ru
Sif Muna
Trog
Uskayaw
Vehumet
Wu Jian
Xom
Yredelemnul
Zin
The Shining One
Beogh
Jiyva
Lugonu


Innate Abilities, Weirdness & Mutations

You are small and have problems with some larger weapons.
You are completely attuned to the shadows.


Message History

You kill the orc knight!
Okawaru accepts your kill.
You can now speed up your combat.
Okawaru will now gift you equipment as you gain piety.
Unknown command.
You feel better. The steam dragon breathes steam at you.
The ball of steam hits you!
* * * LOW HITPOINT WARNING * * *
Unknown command.
You feel much better.
You are engulfed in a cloud of scalding steam.
The orc warrior barely misses you. You block the steam dragon's attack.
The steam dragon barely misses you.
You hit the steam dragon but do no damage.
You are engulfed in a cloud of scalding steam.
The orc warrior completely misses you.
You hit the steam dragon.
The steam dragon is poisoned.
The steam dragon is lightly wounded.
You are engulfed in a cloud of scalding steam.
The steam dragon bites you but does no damage.
The steam dragon barely misses you.
You puncture the steam dragon!
The steam dragon looks as sick as possible!
The steam dragon is heavily wounded.
You are engulfed in a cloud of scalding steam.
The orc warrior hits you from afar with a +0 halberd!
* * * LOW HITPOINT WARNING * * *
You puncture the steam dragon!
The steam dragon looks as sick as possible!
The steam dragon is almost dead.
You are engulfed in a cloud of scalding steam.
The steam dragon bites you.
* * * LOW HITPOINT WARNING * * *
The steam dragon misses you.
You feel much better.
The orc warrior hits you from afar with a +0 halberd!
* * * LOW HITPOINT WARNING * * *
The steam dragon breathes steam at you. The ball of steam hits you!!
You die...

#..#####
#############.......
#_________.##.......
#_________.#########
#_______...#########
##########'##.......
#.?(.')))'.##......#
##########.##.......
#ยงยง@Do......'......o
#'#####'#####......#
#.#..#..#..##.......
#.#..)..'..#####'###
#.##'####+###.......
#.#........##.......
#.#........##.......
#.#####'#####...<...
#.#...[))..##.......


You could see a steam dragon (extremely poisoned, catching breath) and an orc
warrior (strong).

Vanquished Creatures
  A yaktaur captain (D)
  A death yak (D)
  Sonja (D)
  An orc knight (D)
  2 orange demons (D)
  3 yaktaurs (D)
  A demonic crawler (D)
  An ice devil (D)
  A troll (D)
  A jumping spider (D)
  A tyrant leech (D)
  A water elemental (D)
  A redback (D)
  A fire elemental (D)
  A basilisk (D)
  A water moccasin (D)
  A floating eye (D)
  2 orc warriors (D)
  An ogre (D)
  A centaur (D)
  A kobold brigand (D)
  2 iguanas (D)
  2 orc wizards (D)
  2 gnolls (D)
  3 white imps (D)
  An ufetubus (D)
  A worm (D)
  An orc (D)
  2 goblins (D)
  2 hobgoblins (D)
  3 jackals (D)
  A quokka (D)
  A quokka skeleton (D)
  A rat (D)
47 creatures vanquished.

Vanquished Creatures (others)
  A sky beast (D)
1 creature vanquished.

Grand Total: 48 creatures vanquished

Notes
Turn   | Place    | Note
-------+----------+-------------------------------------------
     0 | D        | mhtbhm the Kobold Fighter began the quest for the Orb.
     0 | D        | Reached XP level 1. HP: 14/14 MP: 1/1
    24 | D        | Found a bloodstained altar of Trog.
    24 | D        | Found a shimmering blue altar of Sif Muna.
    24 | D        | Found a viscous altar of Jiyva.
    24 | D        | Found a hazy altar of Hepliaklqana.
    24 | D        | Found an opulent altar of Gozag.
    25 | D        | Found a glowing golden altar of the Shining One.
    25 | D        | Found a glowing silver altar of Zin.
    25 | D        | Found a sacrificial altar of Ru.
    25 | D        | Found a stormy altar of Qazlal.
    25 | D        | Found a blossoming altar of Fedhas.
    27 | D        | Found a basalt altar of Yredelemnul.
    27 | D        | Found an iron altar of Okawaru.
    27 | D        | Found a white marble altar of Elyvilon.
    28 | D        | Found a shimmering altar of Xom.
    28 | D        | Found a sparkling altar of Nemelex Xobeh.
    28 | D        | Found a shadowy altar of Dithmenos.
    29 | D        | Found an ornate altar of the Wu Jian Council.
    29 | D        | Found a burning altar of Makhleb.
    29 | D        | Found a snail-covered altar of Cheibriados.
    30 | D        | Found a radiant altar of Vehumet.
    30 | D        | Found a corrupted altar of Lugonu.
    31 | D        | Found a hide-covered altar of Uskayaw.
    31 | D        | Found an ancient bone altar of Kikubaaqudgha.
    31 | D        | Found a broken altar of Ashenzari.
    35 | D        | Became a worshipper of Warmaster Okawaru
    80 | D        | Reached skill level 3 in Short Blades
    80 | D        | Reached XP level 2. HP: 17/20 MP: 2/2
   228 | D        | Reached XP level 3. HP: 14/24 MP: 3/3
   355 | D        | Noticed a floating eye
   360 | D        | Paralysed by a floating eye for 2 turns
   364 | D        | Reached skill level 4 in Short Blades
   368 | D        | Paralysed by a floating eye for 3 turns
   374 | D        | Paralysed by a floating eye for 4 turns
   379 | D        | Killed a floating eye
   379 | D        | Reached * piety under Okawaru
   380 | D        | Reached skill level 6 in Short Blades
   380 | D        | Reached skill level 5 in Armour
   380 | D        | Reached skill level 1 in Dodging
   380 | D        | Reached XP level 4. HP: 18/32 MP: 4/4
   380 | D        | Reached XP level 5. HP: 21/36 MP: 5/5
   663 | D        | Noticed a water moccasin
   677 | D        | Killed a water moccasin
   678 | D        | Reached skill level 8 in Short Blades
   678 | D        | Reached skill level 5 in Shields
   678 | D        | Reached XP level 6. HP: 34/44 MP: 6/6
   946 | D        | Noticed a sky beast
   967 | D        | Killed a sky beast
   979 | D        | Reached skill level 9 in Short Blades
   979 | D        | Reached XP level 7. HP: 33/49 MP: 5/7
  1359 | D        | Noticed a demonic crawler
  1382 | D        | Killed a demonic crawler
  1383 | D        | Reached skill level 10 in Short Blades
  1383 | D        | Reached skill level 1 in Stealth
  1597 | D        | Reached XP level 8. HP: 55/55 MP: 8/8
  1712 | D        | Noticed Sonja
  1712 | D        | Noticed a fire elemental
  1731 | D        | Killed a fire elemental
  1731 | D        | Reached ** piety under Okawaru
  1732 | D        | Reached skill level 11 in Short Blades
  1737 | D        | Reached skill level 1 in Invocations
  1747 | D        | Killed Sonja
  1748 | D        | Reached skill level 12 in Short Blades
  1748 | D        | Reached skill level 5 in Dodging
  1748 | D        | Reached XP level 9. HP: 61/61 MP: 7/10
  2091 | D        | Noticed a yaktaur captain
  2091 | D        | Noticed a yaktaur
  2091 | D        | Noticed a yaktaur
  2091 | D        | Noticed a yaktaur
  2101 | D        | Killed a yaktaur
  2104 | D        | Killed a yaktaur
  2105 | D        | Reached skill level 13 in Short Blades
  2109 | D        | Killed a yaktaur captain
  2109 | D        | Reached *** piety under Okawaru
  2110 | D        | Reached skill level 10 in Fighting
  2110 | D        | Reached skill level 10 in Armour
  2113 | D        | Killed a yaktaur
  2114 | D        | Reached XP level 10. HP: 68/68 MP: 9/12
  2299 | D        | Reached skill level 14 in Short Blades
  2625 | D        | Noticed an orange demon
  2640 | D        | Killed an orange demon
  2673 | D        | HP: 3/69 [tyrant leech (21)]
  2831 | D        | Noticed an orange demon
  2844 | D        | Killed an orange demon
  2844 | D        | Reached **** piety under Okawaru
  2845 | D        | Reached skill level 1 in Throwing
  3143 | D        | Noticed a death yak
  3143 | D        | Noticed an ice devil
  3176 | D        | Killed a death yak
  3177 | D        | Reached skill level 15 in Short Blades
  3203 | D        | Killed an ice devil
  3497 | D        | Noticed an orc knight
  3509 | D        | Reached XP level 11. HP: 57/76 MP: 13/13
  3570 | D        | Killed an orc knight
  3570 | D        | Reached ***** piety under Okawaru
  3577 | D        | Killed from afar by a steam dragon

Illustrated notes

Levels and vault maps discovered:
D:        pitsprint [storerooms_1, entrance_room_1, metal_vault_2, armoury_1,
          mini_pit_1, grid_room_1, main_hall_1, silver_pit, the_coven_3,
          the_vestibule_1, steel_vault_2, golden_pit, hallway_of_sentries,
          crystal_vault_6, iron_vault_1, final_vault]

Skill      XL: |  1  2  3  4  5  6  7  8  9 10 |
---------------+-------------------------------+-----
Fighting       | 4 6 7 8 9 10 12 | 12.8
Short Blades   | 3 6 8 9 10 12 13 15 | 15.5
Armour         | 3 5 6 7 9 10 11 | 11.6
Shields        | 3 4 5 6 7 8 9 |  9.3
Dodging        | 1 3 5 7 8 |  8.7
Stealth        | 1 2 3 4 |  4.1
Invocations    | 1 2 3 |  3.4
Throwing       | 2 |  2.4

Action                   |  1- 3 |  4- 6 |  7- 9 | 10-12 || total
-------------------------+-------+-------+-------+-------++-------
Melee: Rapier            |     6 |       |    17 |   162 ||   185
       Dagger            |    52 |    40 |   100 |       ||   192
Throw: Dart              |       |       |       |     5 ||     5
Invok: Heroism           |       |     1 |     3 |       ||     4
  Use: Potion            |       |       |     5 |     8 ||    13
       Scroll            |       |       |     1 |       ||     1
Armor: Scale mail        |    11 |     9 |    17 |       ||    37
       Chain mail        |       |       |    12 |    61 ||    73
Dodge: Dodged            |    29 |    13 |    36 |    66 ||   144
Block: Buckler           |    13 |    11 |    23 |    26 ||    73

Table legend: (Time is in decaauts)
 A = Elapsed time spent in this place.
 B = Non-inter-level travel time spent in this place.
 C = Inter-level travel time spent in this place.
 D = Time resting spent in this place.
 E = Time spent auto-exploring this place.
 F = Levels seen in this place.
 G = Mean time per level.
                   A        B        C        D        E       F      G
               +--------+--------+--------+--------+--------+-----+--------+
         Total |   3446 |   3446 |      0 |   2573 |    157 |   1 | 3446.0 |
       Dungeon |   3446 |   3446 |      0 |   2573 |    157 |   1 | 3446.0 |
               +--------+--------+--------+--------+--------+-----+--------+

Top non-repeatable levels by time:
       D: 3446 daAuts
